 Dungeon Crawl Stone Soup version 0.29-a0-919-gd064cfad1c (webtiles) character file.

Game seed: 4674552752853180807

76 xian the Trooper (level 4, -1/41 HPs)
             Began as a Minotaur Berserker on July 27, 2022.
             Was a Believer of Trog.
             Slain by Grinder (2 damage)
             ... on level 3 of the Dungeon.
             The game lasted 00:04:20 (1934 turns).

xian the Trooper (Minotaur Berserker)               Turns: 1934, Time: 00:04:21

Health: -1/41      AC:  2    Str: 24    XL:     4   Next: 12%
Magic:  3/3        EV: 12    Int:  4    God:    Trog [**....]
Gold:   92         SH:  0    Dex:  9    Spells: 3/3 levels left

rFire   . . .      SeeInvis .   a - +0 spear
rCold   . . .      Faith    .   (no shield)
rNeg    . . .      Spirit   .   b - +0 animal skin
rPois   .          Reflect  .   (helmet restricted)
rElec   .          Harm     .   (no cloak)
rCorr   .          Rampage  .   (no gloves)
Will    .....                   (no boots)
Stlth   +.........              (no amulet)
HPRegen 0.13/turn               (no ring)
MPRegen 0.08/turn               (no ring)

@: on berserk cooldown, flying, slowed, very slow
A: horns 2, retaliatory headbutt
a: Renounce Religion, Berserk, Trog's Hand


You were on level 3 of the Dungeon.
You worshipped Trog.
Trog was pleased with you.
You visited 1 branch of the dungeon, and saw 3 of its levels.

You collected 92 gold pieces.

Inventory:

Hand Weapons
 a - a +0 spear (weapon)
Missiles
 h - 3 javelins (quivered)
 j - 5 poisoned darts
 k - 4 boomerangs
Armour
 b - a +0 animal skin (worn)
Scrolls
 f - 4 scrolls of identify {unknown}
 g - a scroll of teleportation {unknown}
 i - a scroll of torment {unknown}
 l - a scroll of enchant weapon {unknown}
Potions
 c - a potion of might {unknown}
 d - 2 potions of curing


   Skills:
 * Level 4.6 Fighting
 + Level 4.6 Polearms
 + Level 3.0 Armour
 + Level 2.7 Dodging


You had 3 spell levels left.
You didn't know any spells.
Your spell library contained the following spells:

 Spells                   Type           Power      Damage    Failure   Level
 Apportation              Tloc           0%         N/A       50%         1
 Necrotise                Necr           0%         1d4       50%         1
 Summon Small Mammal      Summ           0%         N/A       50%         1


Dungeon Overview and Level Annotations

Branches:
Dungeon (3/15)

Altars:

Annotations:
D:3 Grinder


Innate Abilities, Weirdness & Mutations

You have a pair of horns on your head.
You reflexively headbutt those who attack you in melee.


Message History

The ball python constricts you.
You hit the ball python. Your headbutt misses the ball python.
The ball python is severely wounded.
The ball python bites you. The ball python constricts you.
Grinder blinks!
You hit the ball python.
You kill the ball python!
Trog accepts your kill. Grinder barely misses you.
A red film seems to cover your vision as you go berserk!
You feel yourself moving faster!
You feel mighty!
Grinder blinks!
You feel a strong urge to attack something.
You feel your anger nearly subside.
You are no longer berserk.
You are exhausted.
You feel yourself slow down. Grinder closely misses you.
Grinder says, "Tell me all your secrets, or I'll kill you."
Grinder hits you but does no damage.
You barely miss Grinder. Grinder misses you.
You hit Grinder.
Grinder is lightly wounded.
Grinder hits you!
You writhe in agony.
You closely miss Grinder.
Grinder is lightly wounded.
Grinder blinks!
Found a scroll labelled KINULI AGOIT.
Grinder attacks as you move away! Grinder hits you! Grinder hits you.
You writhe in agony.
* * * LOW HITPOINT WARNING * * *
You aren't carrying any items that you can evoke.
It was a potion of curing.
You feel better. Grinder hits you!
* * * LOW HITPOINT WARNING * * *
You writhe in agony.
* * * LOW HITPOINT WARNING * * *
Grinder hits you but does no damage.
It was a potion of flight.
You feel very buoyant.
You fly up into the air.
Grinder hits you.
* * * LOW HITPOINT WARNING * * *
You writhe in agony.
You die...

..# .. .? #.# #.# ##
##.############
...#####.............#
...#....@....<.#
.......#5.####.####
.......#..#.......#
............#..⌠..#
....>..#..###.....>..
..............._.....#
.......##.###......#.#
........!....⌠.⌠.⌠.# #
###.##...!...#.$#.##


You could see Grinder.

Vanquished Creatures
  A gnoll (D:1)
  2 adders (D:2)
  2 dart slugs
  6 ball pythons
  5 endoplasms
  4 giant cockroaches
  3 hobgoblins (D:1)
  6 bats
  2 frilled lizards (D:1)
  2 goblins (D:1)
  9 kobolds
  7 rats
49 creatures vanquished.

Notes
Turn   | Place    | Note
-------+----------+-------------------------------------------
     0 | D:1      | xian the Minotaur Berserker began the quest for the Orb.
     0 | D:1      | Reached XP level 1. HP: 19/19 MP: 0/0
   230 | D:1      | Reached XP level 2. HP: 22/27 MP: 1/1
   536 | D:1      | Reached XP level 3. HP: 30/33 MP: 2/2
  1062 | D:2      | Reached ** piety under Trog
  1551 | D:2      | Reached XP level 4. HP: 41/41 MP: 3/3
  1900 | D:3      | Found a faded altar of an unknown god.
  1916 | D:3      | Noticed Grinder
  1934 | D:3      | HP: 1/41 [Grinder (3)]
  1934 | D:3      | Slain by Grinder

Illustrated notes

Levels and vault maps discovered:
D:1:      psy_arrival_dodecagon, layout_basic
D:2:      layout_loops_ring
D:3:      layout_loops_cross, nicolae_elyvilon_peaceful_grove,
          mainiacjoe_overflow_catwalk_spiral, hellmonk_ecumenical_altar_run_dry,
          uniq_natasha, uniq_grinder, uniq_terence

Skill      XL: |  1  2  3 |
---------------+----------+-----
Polearms       | 4 |  4.6
Fighting       | 4 |  4.6
Armour         | 3 |  3.0
Dodging        | |  2.7

Action                   |  1- 3 |  4- 6 || total
-------------------------+-------+-------++-------
Melee: Spear             |    77 |    17 ||    94
       Headbutt          |    11 |     1 ||    12
       Punch             |     1 |       ||     1
Invok: Berserk           |     4 |     1 ||     5
  Use: Potion            |       |     2 ||     2
Armor: Animal skin       |    14 |     2 ||    16
Dodge: Dodged            |    58 |    14 ||    72

Table legend: (Time is in decaauts)
 A = Elapsed time spent in this place.
 B = Non-inter-level travel time spent in this place.
 C = Inter-level travel time spent in this place.
 D = Time resting spent in this place.
 E = Time spent auto-exploring this place.
 F = Levels seen in this place.
 G = Mean time per level.
                   A        B        C        D        E       F      G
               +--------+--------+--------+--------+--------+-----+--------+
         Total |   1965 |   1910 |     55 |      0 |   1468 |   3 |  655.0 |
       Dungeon |   1965 |   1910 |     55 |      0 |   1468 |   3 |  655.0 |
               +--------+--------+--------+--------+--------+-----+--------+

Top non-repeatable levels by time:
     D:1: 975 daAuts
     D:2: 953 daAuts
     D:3: 36 daAuts
